 Dungeon Crawl Stone Soup version 0.21.1-1-g345015f (webtiles) character file.

1127 prawnwizard the Archer (level 8, -15/73 HPs)
             Began as a Centaur Hunter on July 4, 2018.
             Demolished by an orc warrior
             ... wielding a +0 glaive
              (21 damage)
             ... on level 5 of the Dungeon.
             The game lasted 00:17:37 (6690 turns).

prawnwizard the Archer (Centaur Hunter)             Turns: 6690, Time: 00:17:38

Health: -15/73     AC:  9    Str: 16    XL:     8   Next: 13%
Magic:  8/8        EV:  4    Int: 10    God:
Gold:   269        SH:  0    Dex: 11    Spells: 7/7 levels left

rFire    + . .     SeeInvis +   b - +0 short sword
rCold    x . .     Gourm    .   (no shield)
rNeg     . . .     Faith    .   u - +0 chain mail
rPois    .         Spirit   .   r - +1 helmet {SInv}
rElec    .         Reflect  .   (no cloak)
rCorr    .         Harm     .   (no gloves)
MR       .....                  (no barding)
Stlth    ..........             (no amulet)
HPRegen  0.22/turn              g - ring of fire
MPRegen  0.11/turn              j - ring of flight

@: very quick
A: large, hooves 3, deformed body, speed 2, tough skin 3
a: Evoke Flight


You were on level 5 of the Dungeon.
You were very hungry.

You visited 1 branch of the dungeon, and saw 6 of its levels.

You collected 269 gold pieces.

Inventory:

Hand Weapons
 a - a +1 shortbow
 b - a +0 short sword (weapon)
Armour
 r - a +1 helmet of see invisible (worn)
 u - a +0 chain mail (worn)
Jewellery
 g - a ring of fire (left hand)
 j - a ring of flight (right hand)
Wands
 h - a wand of digging (13)
 s - a wand of random effects (22)
Scrolls
 c - a scroll of remove curse {unknown}
 i - 3 scrolls of identify {unknown}
 l - 2 scrolls of noise {unknown}
 n - 5 scrolls of fear {unknown}
 q - a scroll of amnesia {unknown}
 t - a scroll of enchant weapon {unknown}
 v - a scroll of vulnerability {unknown}
 w - a scroll of teleportation {unknown}
Potions
 e - 2 potions of agility {unknown}
 k - 7 potions of curing {unknown}
 m - 2 potions of might {unknown}
 o - a potion of lignification {unknown}
 p - a potion of mutation {unknown}
 z - a potion of haste {unknown}
 A - a potion of resistance {unknown}
Books
 x - a book of Changes

   Spells                             Type                      Level
   a - Beastly Appendage              Transmutation                1
   b - Sticks to Snakes               Transmutation                2
   c - Spider Form                    Transmutation/Poison         3
   d - Ice Form                       Ice/Transmutation            4
   e - Blade Hands                    Transmutation                5
Comestibles
 f - 9 rations


   Skills:
 + Level 7.0 Fighting
 + Level 10.3 Bows
 - Level 1.3 Dodging
 - Level 0.4 Stealth


You had 7 spell levels left.
You didn't know any spells.

Dungeon Overview and Level Annotations

Branches:
Dungeon (6/15)
 Temple: D:4-7

Altars:
Hepliaklqana

Shops:
D:5 *


Innate Abilities, Weirdness & Mutations

You have hooves in place of feet.
Armour fits poorly on your strangely shaped body.
You cover ground very quickly.
You have extremely tough skin. (AC +3)


Message History

Press: ? - help, Shift-Dir - straight line, f/p - orc warrior
Aim: an orc warrior, wielding a glaive and wearing a chain mail (severely wounded)
Okay, then.
Firing (i - inventory): No suitable missiles.
Press: ? - help, Shift-Dir - straight line, f/p - orc warrior
Aim: an orc warrior, wielding a glaive and wearing a chain mail (severely wounded)
Okay, then.
b - a +0 short sword (weapon)
You are too injured to fight recklessly!
The orc warrior hits you from afar with a glaive!
* * * LOW HITPOINT WARNING * * *
You hit the orc warrior.
You kick the orc warrior, but do no damage.
The orc warrior is severely wounded.
The orc warrior hits you with a glaive.
* * * LOW HITPOINT WARNING * * *
You hit the orc warrior.
The orc warrior is almost dead.
The orc warrior hits you with a glaive!!
You die...

#...........#...#.
#...........##..#.
#...........##..#.
##############..#. #..#. ####..#.
#..o.... #################.###.##
#......@o(((......# #.##
#.###################)## #.#
#.....#.o.(>## #.# #.###.#.######
#.# #.# #.#.#.((.. #.# #.#
#.#....... #.#########.#
#.#.#.###. #...........#
#.#.#.#...
########################.....#<##


You could see an orc warrior.

Vanquished Creatures
  Grinder (D:4)
  2 sky beasts
  A centaur (D:6)
  A bullfrog (D:6)
  A howler monkey (D:4)
  2 crimson imps
  A hound (D:5)
  A centaur skeleton (D:5)
  2 orc wizards (D:3)
  Terence (D:3)
  An iguana (D:5)
  2 worker ants (D:5)
  2 hound skeletons
  Robin (D:2)
  3 gnolls (D:6)
  6 adders
  A river rat (D:4)
  An ooze (D:1)
  An adder skeleton (D:6)
  4 worms
  2 dart slugs
  5 leopard geckos
  10 orcs
  2 giant cockroaches
  9 goblins
  14 hobgoblins
  12 jackals
  3 quokkas
  5 ball pythons
  10 bats
  7 frilled lizards
  5 kobolds
  A leopard gecko skeleton (D:5)
  10 rats
130 creatures vanquished.

Notes
Turn   | Place    | Note
-------+----------+-------------------------------------------
     0 | D:1      | prawnwizard the Centaur Hunter began the quest for the Orb.
     0 | D:1      | Reached XP level 1. HP: 17/17 MP: 1/1
    88 | D:1      | Reached XP level 2. HP: 12/25 MP: 2/2
   629 | D:1      | Reached skill level 6 in Bows
   629 | D:1      | Reached XP level 3. HP: 18/30 MP: 3/3
  1174 | D:2      | Noticed Robin
  1205 | D:2      | Killed Robin
  1205 | D:2      | Reached XP level 4. HP: 14/38 MP: 4/4
  1634 | D:2      | Found a hazy altar of Hepliaklqana.
  2741 | D:3      | Reached skill level 7 in Bows
  2741 | D:3      | Reached XP level 5. HP: 46/46 MP: 5/5
  3355 | D:3      | Noticed Terence
  3364 | D:3      | Killed Terence
  3867 | D:4      | Noticed Grinder
  3872 | D:4      | Paralysed by Grinder for 2 turns
  3898 | D:4      | Killed Grinder
  3898 | D:4      | Reached skill level 5 in Fighting
  3898 | D:4      | Reached skill level 8 in Bows
  3898 | D:4      | Reached XP level 6. HP: 30/56 MP: 6/6
  4393 | D:4      | Reached XP level 7. HP: 58/61 MP: 7/7
  4767 | D:5      | Entered Level 5 of the Dungeon
  4882 | D:5      | Found Temmugic's Serpentskin Sales.
  4974 | D:5      | Reached skill level 9 in Bows
  6054 | D:6      | Reached skill level 10 in Bows
  6075 | D:6      | Reached XP level 8. HP: 65/71 MP: 8/8
  6587 | D:5      | HP: 1/73 [orc warrior/glaive (13)]
  6690 | D:5      | Demolished by an orc warrior

Skill      XL: |  1  2  3  4  5  6  7  8 |
---------------+-------------------------+-----
Bows           | 6 7 8 10 | 10.3
Fighting       | 3 5 6 7 |  7.0
Dodging        | |  1.3
Stealth        | |  0.4

Action                   |  1- 3 |  4- 6 |  7- 9 || total
-------------------------+-------+-------+-------++-------
Melee: Short sword       |   139 |   158 |   104 ||   401
       Kick              |    24 |    36 |    28 ||    88
 Fire: Shortbow          |     2 |    88 |   117 ||   207
  Eat: Chunk             |       |     6 |     5 ||    11
       Ration            |       |     1 |       ||     1
Armor: Leather armour    |    48 |    28 |       ||    76
       Chain mail        |       |    43 |   118 ||   161
Dodge: Dodged            |    76 |    54 |    28 ||   158
